 Dungeon Crawl Stone Soup version 0.16.1-18-g436b03c (webtiles) character file.

518 pharnakes the Shield-Bearer (level 7, -9/78 HPs)
             Began as a Formicid Fighter on Apr 24, 2015.
             Was a Follower of Zin.
             Mangled by an ogre
             ... wielding a +0 giant spiked club
              (13 damage)
             ... on level 4 of the Dungeon.
             The game lasted 00:21:33 (3033 turns).

pharnakes the Shield-Bearer (Formicid Fighter)      Turns: 3033, Time: 00:21:33

Health: -9/78      AC: 23    Str: 21    XL:     7   Next: 45%
Magic:  9/9        EV:  2    Int: 14    God:    Zin [*.....]
Gold:   137        SH: 10    Dex: 10    Spells: 0 memorised, 6 levels left

rFire  + . .     SeeInvis .     a - +0 long sword
rCold  + . .     Clarity  .     b - melded +0 scale mail
rNeg   + + +     SustAb   .     c - +0 shield
rPois  +         Gourm    .     (helmet unavailable)
rElec  +         Spirit   .     (cloak currently unavailable)
rCorr  +         Warding  .     (gloves currently unavailable)
rMut   .         Stasis   +     (boots currently unavailable)
MR     .....                    (no amulet)
Stlth  +.........               (no ring)
                                (no ring)

@: brilliant, lethally poisoned (-9 -> -12), tree-form, resistant, not resistant
to hostile enchantments, very unstealthy
A: permanent stasis, dig shafts and tunnels, four strong arms, (antennae 0)
a: Recite, Renounce Religion


You were on level 4 of the Dungeon.
You worshipped Zin.
Zin was aware of your devotion.
You were not hungry.
You were a tree.
You visited 1 branch of the dungeon, and saw 4 of its levels.

You collected 152 gold pieces.
You donated 15 gold pieces to Zin.

Inventory:

Hand weapons
 a - a +0 long sword (weapon)
 B - a +0 hand crossbow
Armour
 b - a +0 scale mail (melded)
 c - a +0 shield (worn)
Jewellery
 k - an uncursed amulet of the gourmand {unknown}
 o - an uncursed amulet of resist corrosion {unknown}
 u - an uncursed amulet of warding {unknown}
Scrolls
 e - a scroll of amnesia {unknown}
 f - a scroll of remove curse {unknown}
 h - a scroll of recharging {unknown}
 j - a scroll of fog {unknown}
 q - 2 scrolls of magic mapping {unknown}
 s - a scroll of fear {unknown}
 v - 3 scrolls of identify {unknown}
 y - a scroll of enchant weapon {unknown}
 A - a scroll of teleportation {unknown}
Potions
 r - a potion of cure mutation
 t - 2 potions of resistance
 w - a potion of poison
Miscellaneous
 i - a plain deck of wonders
Comestibles
 d - 5 bread rations
 l - a slice of pizza
 m - a beef jerky
 x - 4 meat rations


   Skills:
 - Level 3.4 Fighting
 + Level 4.1 Long Blades
 + Level 5.2 Armour
 * Level 7.1 Shields


You had 6 spell levels left.
You didn't know any spells.

Dungeon Overview and Level Annotations

Branches:
Dungeon (4/15)
 Temple: D:4-7

Altars:
Fedhas
Nemelex Xobeh
Zin

Annotations:
D:4 Dowan


Innate Abilities, Weirdness & Mutations

You are under a permanent stasis effect.
You can dig through walls and to a lower floor.
Your four strong arms can wield two-handed weapons with a shield.
((You have a pair of large antennae on your head (SInv).))


Message History

You feel sick. You block the ogre's attack.
You hit the ogre.
The ogre is heavily wounded.
You block the ogre's attack.
Drink which item? (? for menu, Esc to quit)
It was a potion of restore abilities.
You feel refreshed.
* * * LOW HITPOINT WARNING * * *
You feel sick. You block the ogre's attack.
Drink which item? (? for menu, Esc to quit)
It was a potion of brilliance.
You feel clever all of a sudden.
* * * LOW HITPOINT WARNING * * *
You feel sick.
Drink which item? (? for menu, Esc to quit)
It was a potion of beneficial mutation.
Zin protects your body from mutation!
You feel fantastic for a moment.
Zin forgives your inadvertent chaotic act, just this once.
The ogre hits you with a giant spiked club!
You die...

##8###8#.....# #.# . ###
#######.....# #.##. #
#...........# #..< #
#...........# #..#
#.>.........# #..####
#.........#+###...#8###8
#.######{#..............
#O##..K...........
##♣#....O..........
###........#8###8
###.####.#######
#####..###.......#
#.......##.......#
#.####..###.#....#
#..............#
#####.....#....#
##.#####.###.#(...#


You could see an ogre.

Vanquished Creatures
  Duvessa (D:4)
  The ghost of UBR the Magician, an average DEWz (D:4)
  A hound (D:4)
  2 orc wizards
  A giant frog skeleton (D:4)
  2 orc priests (D:3)
  A worker ant (D:4)
  Jessica (D:2)
  4 adders
  2 giant mites (D:2)
  4 worms
  A giant gecko (D:1)
  An ooze (D:2)
  7 orcs
  7 bats
  A giant cockroach (D:2)
  6 hobgoblins
  9 jackals
  14 kobolds
  A quokka (D:3)
  A ball python (D:2)
  7 giant newts
  10 goblins
  4 rats
89 creatures vanquished.

Notes
Turn   | Place    | Note
--------------------------------------------------------------
     0 | D:1      | pharnakes, the Formicid Fighter, began the quest for the Orb.
     0 | D:1      | Reached XP level 1. HP: 18/18 MP: 1/1
    85 | D:1      | Found a sparkling altar of Nemelex Xobeh.
   136 | D:1      | Reached XP level 2. HP: 12/24 MP: 3/3
   311 | D:1      | Reached skill level 4 in Shields
   616 | D:2      | Reached XP level 3. HP: 21/29 MP: 4/4
   880 | D:2      | Noticed Jessica
   897 | D:2      | Killed Jessica
   897 | D:2      | Reached XP level 4. HP: 30/35 MP: 5/5
  1158 | D:2      | Reached skill level 5 in Shields
  1259 | D:2      | Reached XP level 5. HP: 33/41 MP: 7/7
  1447 | D:2      | Found a blossoming altar of Fedhas.
  1777 | D:3      | Reached XP level 6. HP: 27/47 MP: 8/8
  2121 | D:3      | Reached skill level 6 in Shields
  2243 | D:3      | Found a glowing silver altar of Zin.
  2249 | D:3      | Became a worshipper of Zin the Law-Giver
  2249 | D:3      | Acquired Zin's first power
  2445 | D:4      | Noticed UBR's ghost (average DEWz)
  2469 | D:4      | Killed UBR's ghost
  2469 | D:4      | Reached skill level 5 in Armour
  2469 | D:4      | Reached XP level 7. HP: 22/52 MP: 9/9
  2865 | D:4      | Noticed Duvessa
  2906 | D:4      | Killed Duvessa
  2906 | D:4      | Reached skill level 7 in Shields
  2992 | D:4      | Noticed Dowan
  3033 | D:4      | Mangled by an ogre

Action                   |  1- 3 |  4- 6 |  7- 9 || total
-------------------------+-------+-------+-------++-------
Melee: Long sword        |    85 |   224 |    55 ||   364
 Abil: Dig               |       |     4 |       ||     4
  Use: Potion            |       |     3 |     7 ||    10
  Eat: Chunk             |       |     6 |     2 ||     8
